 Dungeon Crawl Stone Soup version 0.22-a0-769-g178e55541d (webtiles) character file.

83 Htamos the Cudgeler (level 4, -1/28 HPs)
             Began as a Gargoyle Monk on July 17, 2018.
             Slain by a gnoll
             ... wielding a +0 spear
              (7 damage)
             ... on level 2 of the Dungeon.
             The game lasted 00:04:16 (2634 turns).

Htamos the Cudgeler (Gargoyle Monk)                 Turns: 2634, Time: 00:04:17

Health: -1/28      AC:  8    Str: 15    XL:     4   Next: 44%
Magic:  4/4        EV: 12    Int: 10    God:
Gold:   95         SH:  0    Dex: 13    Spells: 3/3 levels left

rFire    . . .     SeeInvis .   a - +0 mace
rCold    . . .     Gourm    .   (no shield)
rNeg     + . .     Faith    .   k - +0 leather armour
rPois    ∞         Spirit   .   t - +0 helmet
rElec    +         Reflect  .   (no cloak)
rCorr    .         Harm     .   (no gloves)
MR       .....                  h - +0 pair of boots
Stlth    ++........             (no amulet)
HPRegen  0.09/turn              (no ring)
MPRegen  0.09/turn              (no ring)

@: no status effects
A: negative energy resistance 1, electricity resistance, unbreathing,
petrification resistance, rot immunity, AC +3
a: no special abilities


You were on level 2 of the Dungeon.
You were hungry.

You visited 1 branch of the dungeon, and saw 2 of its levels.

You collected 95 gold pieces.

Inventory:

Hand Weapons
 a - a +0 mace (weapon)
Missiles
 q - 18 poisoned needles
Armour
 b - a +0 robe
 h - a +0 pair of boots (worn)
 k - a +0 leather armour (worn)
 t - a +0 helmet (worn)
Jewellery
 o - a +4 ring of dexterity {unknown}
 p - a cursed amulet of inaccuracy {unknown}
Scrolls
 d - a scroll of blinking {unknown}
 e - 2 scrolls of teleportation {unknown}
 i - a scroll of random uselessness {unknown}
 l - a scroll of identify {unknown}
 r - 4 scrolls of remove curse {unknown}
 u - 2 scrolls of enchant weapon {unknown}
Potions
 f - a potion of might {unknown}
 g - 2 potions of curing {unknown}
 j - a potion of mutation {unknown}
 m - a potion of agility {unknown}
 n - a potion of ambrosia {unknown}
Comestibles
 c - 6 rations
 s - 4 chunks of flesh


   Skills:
 - Level 3.2 Fighting
 * Level 5.1 Maces & Flails
 - Level 2.4 Dodging
 - Level 2.1 Stealth


You had 3 spell levels left.
You didn't know any spells.
Your spell library was empty.

Dungeon Overview and Level Annotations

Branches:
Dungeon (2/15)

Altars:


Innate Abilities, Weirdness & Mutations

You are resistant to torment.
Your stone body is resilient. (AC +3)
You are immune to poison.
You resist negative energy. (rN+)
You are resistant to electric shocks. (rElec)
You can survive without breathing.
You are immune to petrification.
You are immune to rotting.


Message History

The gnoll shouts!
The gnoll hits you with a halberd!
You hit the gnoll.
The gnoll is lightly wounded.
The gnoll barely misses you.
You completely miss the gnoll. The gnoll barely misses you.
You closely miss the gnoll.
The gnoll shouts!
The gnoll hits you with a halberd!
* * * LOW HITPOINT WARNING * * *
You are too injured to fight recklessly!
The gnoll closely misses you.
The gnoll hits you from afar with a spear.
* * * LOW HITPOINT WARNING * * *
There is an open door here.
You are feeling hungry.
You see here a club.
There is a stone staircase leading up here.
The gnoll hits you from afar with a spear!
You die...

..#####.##.##.#..#
..# #.##.##.#.##
..# #.##.......#
..#####.#######.##
..........g..g..#
..#####.######..##
..# #.# #..<# .##
#.# #g### .# #.#
#.)@# .# #.# #####
## #.# #######.##
....g....#
##########


You could see a gnoll.

Vanquished Creatures
  2 gnolls
  2 adders (D:2)
  An ooze (D:2)
  2 worms (D:2)
  A dart slug (D:2)
  2 ball pythons (D:1)
  5 bats
  3 giant cockroaches
  2 goblins (D:2)
  3 hobgoblins
  3 jackals
  A frilled lizard (D:2)
  3 kobolds
  4 rats
34 creatures vanquished.

Notes
Turn   | Place    | Note
-------+----------+-------------------------------------------
     0 | D:1      | Htamos the Gargoyle Monk began the quest for the Orb.
     0 | D:1      | Reached XP level 1. HP: 14/14 MP: 1/1
   412 | D:1      | Reached XP level 2. HP: 17/19 MP: 2/2
  1090 | D:2      | Reached skill level 4 in Maces & Flails
  1115 | D:2      | Reached XP level 3. HP: 23/23 MP: 3/3
  2168 | D:2      | Reached XP level 4. HP: 22/28 MP: 4/4
  2371 | D:2      | Found a faded altar of an unknown god.
  2433 | D:2      | Reached skill level 5 in Maces & Flails
  2634 | D:2      | Slain by a gnoll

Vault maps used:
D:1:      dpeg_arrival_stone_temple_mockup
D:2:      minmay_wonky_spiral, chequers_ecumenical_altar_twisty

Skill      XL: |  1  2  3  4 |
---------------+-------------+-----
Maces & Flails | 4 5 |  5.1
Fighting       | |  3.2
Dodging        | |  2.4
Stealth        | |  2.1

Action                   |  1- 3 |  4- 6 || total
-------------------------+-------+-------++-------
Melee: Mace              |   110 |    36 ||   146
  Use: Potion            |     1 |       ||     1
 Stab: Sleeping          |     4 |     2 ||     6
  Eat: Chunk             |     4 |     1 ||     5
Armor: Robe              |    27 |       ||    27
       Leather armour    |    59 |    15 ||    74
Dodge: Dodged            |   130 |    26 ||   156

Table legend:
 A = Spawn XP
 B = Non-spawn XP
 C = Spawn XP percentage of total XP
 D = Spawn monster count
 E = Non-spawn monster count
 F = Spawn count percentage of total count
 G = Total turns spent on level
                    A         B        C        D         E        F      G
               +---------+---------+-------+---------+---------+-------+---------
         Total |       0 |     119 |   0.0 |       0 |      34 |   0.0 |  2634
               +---------+---------+-------+---------+---------+-------+---------
           D:1 |       0 |      40 |   0.0 |       0 |      17 |   0.0 |  1640
           D:2 |       0 |      79 |   0.0 |       0 |      17 |   0.0 |   994
               +---------+---------+-------+---------+---------+-------+---------
